 Dungeon Crawl Stone Soup version 0.30-a0-923-g828ccac5a3 (webtiles) character file.

Game seed: 6831775095521537159

296 Querens the Vexing (level 6, 0/28 HPs)
             Began as a Spriggan Enchanter on Mar 22, 2023.
             Splashed by a jelly's acid (8 damage)
             ... on level 4 of the Dungeon.
             The game lasted 00:07:25 (2019 turns).

Querens the Vexing (Spriggan Enchanter)             Turns: 2019, Time: 00:07:26

Health: 0/28       AC: -2    Str:  4    XL:     6   Next: 12%
Magic:  6/14       EV: 17    Int: 16    God:
Gold:   121        SH:  0    Dex: 18    Spells: 13/15 levels left

rFire   . . .      SeeInvis +    q - +2 dagger (pain)
rCold   . . .      Faith    .    (no shield)
rNeg    + . .      Spirit   .    b - +0 robe
rPois   +          Reflect  .    (helmet restricted)
rElec   .          Rampage  .    (no cloak)
rCorr   .                        (gloves unavailable)
Will    +....                    (boots unavailable)
Stlth   +++                      (no amulet)
HPRegen 0.24/turn                t - ring of poison resistance
MPRegen 0.14/turn                x - ring of positive energy

@: corroded, very quick
A: very small, no large weapons, unfitting armour, see invisible, speed 3
a: no special abilities


You were on level 4 of the Dungeon.
You visited 1 branch of the dungeon, and saw 4 of its levels.

You collected 121 gold pieces.

Inventory:

Hand Weapons
 o - a +2 dagger of freezing
 q - a +2 dagger of pain (weapon)
 s - a +1 dagger of flaming
 v - a +1 dagger of protection
Missiles
 m - a throwing net (quivered)
Armour
 a - the +0 robe of Cunod {rElec rN+++ Int-5 Stlth-}
   (You found it on level 3 of the Dungeon)

   Int:       It affects your intelligence (-5).
   rElec:     It insulates you from electricity.
   rN:        It renders you almost immune to negative energy.
   Stlth:     It makes you less stealthy.
 b - a +0 robe (worn)
Jewellery
 t - a ring of poison resistance (left hand)
 x - a ring of positive energy (right hand)
Scrolls
 e - a scroll of teleportation {unknown}
 f - 4 scrolls of identify {unknown}
 g - a scroll of silence {unknown}
 h - a scroll of magic mapping {unknown}
 j - 2 scrolls of blinking {unknown}
 l - a scroll of enchant weapon {unknown}
 u - a scroll of torment {unknown}
 w - a scroll of poison {unknown}
Potions
 c - 2 potions of invisibility
 d - a potion of cancellation {unknown}
 i - a potion of attraction {unknown}
 k - 2 potions of lignification {unknown}
 n - 2 potions of curing {unknown}
 p - a potion of flight {unknown}
 r - a potion of degeneration {unknown}


   Skills:
 + Level 3.9 Short Blades
 - Level 2.6 Dodging
 - Level 4.4 Stealth
 + Level 5.0 Spellcasting
 + Level 5.6 Hexes


You had 13 spell levels left.
You knew the following spells:

 Your Spells              Type           Power      Damage    Failure   Level
a - Ensorcelled Hibernat  Hex/Ice        26%        N/A       7%          2

Your spell library contained the following spells:

 Spells                   Type           Power      Damage    Failure   Level
 Confusing Touch          Hex            22%        N/A       4%          3
 Tukima's Dance           Hex            22%        N/A       4%          3
 Dazzling Flash           Conj/Hex       26%        N/A       14%         3
 Apportation              Tloc           8%         N/A       16%         1
 Alistair's Intoxication  Tmut/Pois      2%         N/A       99%         5


Dungeon Overview and Level Annotations

Branches:
Dungeon (4/15)
 Temple: D:4-7

Altars:

Annotations:
D:4 1 transporter


Innate Abilities, Weirdness & Mutations

You are very small and have problems with some larger weapons.
You are too small for most types of armour.
You have supernaturally acute eyesight. (SInv)
You cover ground extremely quickly. (Speed+++)


Message History

Found a coral ring.
x - a ring of positive energy
x - a ring of positive energy (right hand)
You see here a +0 short sword.
A jelly comes into view.
The jelly moves out of view.
Found 5 gold pieces.
Found a scroll labelled GOESUD JUXENT.
Found a transporter.
Found 3 gold pieces.
Casting: Ensorcelled Hibernation (safe; 7% risk of failure)
Confirm with . or Enter, or press ? or * to list all spells.
Aiming: Ensorcelled Hibernation (safe; 7% risk of failure)
Press: ? - help, Shift-Dir - straight line, f - jelly
Aim: a jelly (chance to affect: 55%)
The jelly resists with significant effort.
The jelly completely misses you.
Casting: Ensorcelled Hibernation (safe; 7% risk of failure)
Confirm with . or Enter, or press ? or * to list all spells.
Aiming: Ensorcelled Hibernation (safe; 7% risk of failure)
Press: ? - help, Shift-Dir - straight line, f/p - jelly
Aim: a jelly (chance to affect: 55%)
The jelly resists with significant effort.
The jelly misses you.
Casting: Ensorcelled Hibernation (safe; 7% risk of failure)
Confirm with . or Enter, or press ? or * to list all spells.
Aiming: Ensorcelled Hibernation (safe; 7% risk of failure)
Press: ? - help, Shift-Dir - straight line, f/p - jelly
Aim: a jelly (chance to affect: 55%)
The jelly resists with significant effort.
The jelly hits you. The acid corrodes you!
You are splashed with acid.
Casting: Ensorcelled Hibernation (safe; 7% risk of failure)
Confirm with . or Enter, or press ? or * to list all spells.
Aiming: Ensorcelled Hibernation (safe; 7% risk of failure)
Press: ? - help, Shift-Dir - straight line, f/p - jelly
Aim: a jelly (chance to affect: 55%)
The jelly resists with significant effort.
The jelly hits you.
* * * LOW HITPOINT WARNING * * *
You are splashed with acid!
You die...

..#~8#. ≈≈#.P#.######
..#.$#..#...##
..+?©#©......##
..#.$#........#
#P.#≈≈≈≈≈≈≈#.P#........#
#8P#5...o..#~8#.J......#
###############.@.....#
.................#...##
).........######.#####
.............###..#
..........##......#
........#.###.....#
........#...#.....#
.##.##..###..#....##
....##...###.#.....#


You could see a jelly.

Vanquished Creatures
  2 orc priests
  An iguana (D:3)
  Terence (D:3)
  2 orc wizards
  3 adders
  3 worms
  3 dart slugs
  6 orcs
  6 ball pythons
  6 bats
  8 endoplasms
  3 giant cockroaches
  6 goblins
  9 hobgoblins
  2 jackals (D:1)
  11 kobolds
  2 quokkas
  9 frilled lizards
  6 rats
89 creatures vanquished.

Vanquished Creatures (others)
  A hobgoblin (D:1)
1 creature vanquished.

Grand Total: 90 creatures vanquished

Notes
Turn   | Place    | Note
-------+----------+-------------------------------------------
     0 | D:1      | Querens the Spriggan Enchanter began the quest for the Orb.
     0 | D:1      | Reached XP level 1. HP: 9/9 MP: 5/5
   184 | D:1      | Reached XP level 2. HP: 13/13 MP: 7/7
   192 | D:1      | Learned a level 2 spell: Ensorcelled Hibernation
   511 | D:1      | Reached XP level 3. HP: 16/16 MP: 6/8
   854 | D:2      | Reached XP level 4. HP: 21/21 MP: 10/10
  1120 | D:3      | Identified the +0 robe of Cunod {rElec rN+++ Int-5 Stlth-}
  1271 | D:3      | Reached XP level 5. HP: 24/24 MP: 10/12
  1276 | D:3      | Reached skill level 5 in Hexes
  1354 | D:3      | Noticed Terence
  1367 | D:3      | Killed Terence
  1936 | D:4      | Reached XP level 6. HP: 25/28 MP: 11/14
  1944 | D:4      | Reached skill level 5 in Spellcasting
  2012 | D:4      | Found a transporter.
  2019 | D:4      | Splashed by a jelly's acid

Illustrated notes

Levels and vault maps discovered:
D:1:      minmay_arrival_nine_rooms, layout_basic
D:2:      layout_rooms
D:3:      layout_loops_cross, uniq_terence
D:4:      gammafunk_wand_slinger, layout_rooms

Skill      XL: |  1  2  3  4  5  6 |
---------------+-------------------+-----
Spellcasting   | 3 4 5 |  5.0
Hexes          | 4 5 |  5.6
Short Blades   | 2 3 |  3.9
Dodging        | |  2.6
Stealth        | |  4.4

Action                     |  1- 3 |  4- 6 || total
---------------------------+-------+-------++-------
  Melee: Dagger            |   134 |   109 ||   243
         Punch             |     1 |     1 ||     2
   Cast: Ensorcelled Hiber |     7 |    12 ||    19
   Stab: Sleeping          |    14 |    19 ||    33
         Distracted        |       |     1 ||     1
 Armour: Robe              |    13 |     6 ||    19
  Dodge: Dodged            |    94 |    50 ||   144

Table legend: (Time is in decaauts)
 A = Elapsed time spent in this place.
 B = Non-inter-level travel time spent in this place.
 C = Inter-level travel time spent in this place.
 D = Time resting spent in this place.
 E = Time spent auto-exploring this place.
 F = Levels seen in this place.
 G = Mean time per level.
                   A        B        C        D        E       F      G
               +--------+--------+--------+--------+--------+-----+--------+
         Total |   1348 |   1268 |     80 |     86 |      0 |   4 |  337.0 |
       Dungeon |   1348 |   1268 |     80 |     86 |      0 |   4 |  337.0 |
               +--------+--------+--------+--------+--------+-----+--------+

Top non-repeatable levels by time:
     D:1: 440 daAuts
     D:3: 380 daAuts
     D:2: 278 daAuts
     D:4: 249 daAuts
